 Dungeon Crawl Stone Soup version 0.29-a0-581-ge9a90b782e (webtiles) character file.

Game seed: 7743334845038708817

109 KristoblXynda the Slasher (level 4, -3/38 HPs)
             Began as a Draconian Gladiator on June 14, 2022.
             Slain by a gnoll
             ... wielding a +0 halberd
              (15 damage)
             ... on level 4 of the Dungeon.
             The game lasted 00:02:34 (3478 turns).

KristoblXynda the Slasher (Draconian Gladiator)     Turns: 3478, Time: 00:02:35

Health: -3/38      AC:  5    Str: 17    XL:     4   Next: 59%
Magic:  4/4        EV: 13    Int:  8    God:
Gold:   174        SH:  0    Dex: 14    Spells: 3/3 levels left

rFire   + . .      SeeInvis +   a - +0 long sword
rCold   + . .      Faith    .   (no shield)
rNeg    . . .      Spirit   .   (body armour unavailable)
rPois   .          Reflect  .   b - +0 hat
rElec   .          Harm     .   p - scarf {rC+ rF+}
rCorr   .          Rampage  .   (no gloves)
Will    .....                   (no boots)
Stlth   +.........              (no amulet)
HPRegen 0.12/turn               l - ring of see invisible
MPRegen 0.09/turn               (no ring)

@: no status effects
A: AC +5, unfitting armour, cold-blooded
a: no special abilities


You were on level 4 of the Dungeon.
You visited 1 branch of the dungeon, and saw 4 of its levels.

You collected 174 gold pieces.

Inventory:

Hand Weapons
 a - a +0 long sword (weapon)
Missiles
 c - 3 throwing nets (quivered)
Armour
 b - a +0 hat (worn)
 p - a scarf of resistance (worn)
Jewellery
 l - a ring of see invisible (left hand)
 m - a +4 ring of evasion
Scrolls
 f - a scroll of fear {unknown}
 g - 3 scrolls of teleportation {unknown}
 h - a scroll of noise {unknown}
 j - a scroll of poison {unknown}
 o - a scroll of acquirement {unknown}
 q - a scroll of fog {unknown}
Potions
 e - 3 potions of curing
 i - a potion of magic
 n - a potion of lignification {unknown}


   Skills:
 + Level 3.2 Fighting
 * Level 4.2 Long Blades
 - Level 2.0 Throwing
 + Level 3.3 Dodging


You had 3 spell levels left.
You didn't know any spells.
Your spell library was empty.

Dungeon Overview and Level Annotations

Branches:
Dungeon (4/15)
 Temple: D:4-7

Altars:

Annotations:
D:4 Natasha


Innate Abilities, Weirdness & Mutations

Your plain brown scales are hard. (AC +5)
You cannot fit into any form of body armour.
You are cold-blooded and may be slowed by cold attacks.


Message History

You hit the gnoll.
You kill the gnoll!
A quokka comes into view.
You closely miss the iguana. The iguana bites you!
Natasha mumbles some strange words.
You barely miss the iguana. The iguana bites you!
Natasha wildly gestures.
You feel troubled. The shadow imp puffs mist at you. The iguana bites you!
You hit the iguana.
The iguana is lightly wounded.
Natasha mumbles some strange words.
The iguana bites you!
* * * LOW HITPOINT WARNING * * *
You feel better.
The iguana bites you but does no damage.
You feel better. The iguana closely misses you.
You hit the iguana.
The iguana is moderately wounded.
The iguana bites you.
You slash the iguana!
The iguana is almost dead.
The iguana misses you.
You slash the iguana!
You kill the iguana!
The gnoll drinks a potion.
The gnoll seems to speed up.
The shadow imp shouts, "Tremble, thou horrid knotty-pated maggot-pie!"
The shadow imp hits you but does no damage.
You slash the shadow imp!
The shadow imp is almost dead.
The gnoll closely misses you. The shadow imp hits you.
* * * LOW HITPOINT WARNING * * *
Natasha wildly gestures.
Natasha's front paws start to glow.
The gnoll completely misses you.
You closely miss the shadow imp.
Your tail-slap misses the shadow imp.
The shadow imp is almost dead.
The shadow imp closely misses you.
The gnoll hits you from afar with a +0 halberd!
You die...

##g..#..#
#............#
gg......#
#.....#.......#
#....)..#
###..####.....#
........#
##.......##...##
.........#
#...##..># ....#
..........
#.#..###.#.......
..#..#.### #.
#......# ..
.##..#..# ..
##...#..# . .#
.#. ## # #@.## ##
#5## #g#


#hg rS## g.# .... ..(. ..... You could see Natasha, 3 gnolls, a shadow imp
(summoned), a quokka and a ball python.

Vanquished Creatures
  An iguana (D:4)
  4 adders (D:2)
  A gnoll (D:4)
  2 worms
  An orc (D:3)
  2 bats (D:1)
  7 endoplasms
  3 hobgoblins
  6 ball pythons
  2 frilled lizards
  A goblin (D:3)
  2 kobolds (D:2)
  4 rats
36 creatures vanquished.

Notes
Turn   | Place    | Note
-------+----------+-------------------------------------------
     0 | D:1      | KristoblXynda the Draconian Gladiator began the quest for
                  | the Orb.
     0 | D:1      | Reached XP level 1. HP: 17/17 MP: 1/1
   624 | D:2      | Reached XP level 2. HP: 4/25 MP: 2/2
  1354 | D:2      | Reached XP level 3. HP: 29/30 MP: 3/3
  1656 | D:2      | Found a faded altar of an unknown god.
  2764 | D:3      | Reached XP level 4. HP: 38/38 MP: 4/4
  2924 | D:3      | Reached skill level 4 in Long Blades
  3461 | D:4      | Noticed Natasha
  3478 | D:4      | Slain by a gnoll

Illustrated notes

Levels and vault maps discovered:
D:1:      saegor_arrival_simple_b, layout_basic
D:2:      layout_basic, hellmonk_ecumenical_altar_prayer_group
D:3:      layout_loops_corners
D:4:      layout_cave_pools, amethyst_overflow_temple_binary, uniq_natasha

Skill      XL: |  1  2  3  4 |
---------------+-------------+-----
Throwing       | 2 |  2.0
Dodging        | 3 |  3.3
Fighting       | 3 |  3.2
Long Blades    | 4 |  4.2

Action                   |  1- 3 |  4- 6 || total
-------------------------+-------+-------++-------
Melee: Long sword        |    98 |    26 ||   124
       Punch             |     1 |       ||     1
       Tailslap          |     7 |     1 ||     8
Throw: Javelin           |     1 |     1 ||     2
  Use: Scroll            |       |     2 ||     2
       Potion            |       |     2 ||     2
 Stab: Sleeping          |     3 |       ||     3
Armor: Skin              |    27 |     5 ||    32
Dodge: Dodged            |    76 |    15 ||    91

Table legend: (Time is in decaauts)
 A = Elapsed time spent in this place.
 B = Non-inter-level travel time spent in this place.
 C = Inter-level travel time spent in this place.
 D = Time resting spent in this place.
 E = Time spent auto-exploring this place.
 F = Levels seen in this place.
 G = Mean time per level.
                   A        B        C        D        E       F      G
               +--------+--------+--------+--------+--------+-----+--------+
         Total |   3513 |   3379 |    134 |    767 |   2247 |   4 |  878.2 |
       Dungeon |   3513 |   3379 |    134 |    767 |   2247 |   4 |  878.2 |
               +--------+--------+--------+--------+--------+-----+--------+

Top non-repeatable levels by time:
     D:2: 1708 daAuts
     D:3: 926 daAuts
     D:1: 617 daAuts
     D:4: 260 daAuts
